 Dungeon Sprint DCSS version 0.31-a0-7-g51783674b7 (webtiles) character file.

Game seed: 13944921871238890142

292 sircluck the Fighter (level 6, -1/63 HPs)
             Began as a Hill Orc Fighter on May 5, 2023.
             Slain by a yak (10 damage)
             ... in the Dungeon (Sprint I: "Red Sonja").
             The game lasted 00:00:47 (245 turns).

sircluck the Fighter (Hill Orc Fighter)              Turns: 245, Time: 00:00:48

Health: -1/63      AC:  8    Str: 21    XL:     6   Next: 33%
Magic:  6/6        EV:  9    Int:  8    God:
Gold:   178        SH:  5    Dex: 10    Spells: 5/5 levels left

rFire   . . .        a - +0 war axe
rCold   . . .        c - +0 buckler
rNeg    . . .        b - +0 scale mail
rPois   .            (no helmet)
rElec   .            (no cloak)
rCorr   .            (no gloves)
SInv    .            (no boots)
Will    .....        (no amulet) Stlth
                     (no ring)
HPRegen 0.30/turn    (no ring)
MPRegen 0.10/turn

%: no teleportation
@: no status effects
A: no striking features
a: no special abilities


You were in the Dungeon.
You visited 1 branch You collected 178 gold pieces.

Inventory:

Hand Weapons
 a - a +0 war axe (weapon)
Armour
 b - a +0 scale mail (worn)
 c - a +0 buckler (worn)
Wands
 k - a wand of paralysis (9)
Scrolls
 d - a scroll of fear {unknown}
 j - a scroll of blinking
 l - a scroll of identify {unknown}
Potions
 e - a potion of curing
 f - a potion of heal wounds
 g - a potion of haste
 h - 2 potions of magic
 i - a potion of berserk rage


   Skills:
 + Level 9.0 Fighting
 + Level 7.1 Axes
 + Level 8.2 Armour
 + Level 1.3 Stealth
 + Level 7.6 Shields
 + Level 0.6 Evocations


You had 5 spell levels left.
You didn't know any spells.
Your spell library was empty.

Dungeon Overview and Level Annotations

Branches:
Dungeon (1/1)

Altars:
Cheibriados
Dithmenos
Elyvilon
Fedhas
Hepliaklqana
Kikubaaqudgha
Okawaru
Qazlal
Ru
Sif Muna
Trog
Uskayaw
Vehumet
Wu Jian
Yredelemnul
Zin
The Shining One

Shops:
D (


Message History

The yak is lightly wounded.
You block the yak's attack. The yak gores you but does no damage.
You slash the yak!
The yak is heavily wounded.
The yak closely misses you.
You slash the yak!
The yak is severely wounded.
The yak gores you!
You hit the yak.
The yak is severely wounded.
The yak gores you!
You closely miss the yak.
The yak is severely wounded.
You block the yak's attack.
You barely miss the yak.
The yak is severely wounded.
The yak closely misses you.
You barely miss the yak.
The yak is severely wounded.
The yak gores you! x2
You barely miss the yak.
The yak is severely wounded.
The yak barely misses you.
You hit the yak but do no damage.
The yak is severely wounded.
You block the yak's attack.
You hit the yak.
The yak is severely wounded.
The yak snorts and paws the ground.
The yak barely misses you.
You hit the yak.
The yak is severely wounded.
The yak gores you.
* * * LOW HITPOINT WARNING * * *
You hit the yak.
The yak is almost dead.
The yak gores you!
* * * LOW HITPOINT WARNING * * *
The yak gores you!
You die...

################
#<.#..'..#..'..#
#..').#..)..#..+
#.)#####'#####'#
#..# #..# #.#
#..#__#### ##.#
#..#_____##+#_.+
#⌠⌠#_.∩...Y@.._#
####_..__##_.#'#
___ ##+#.# # ###


You could see a yak.

Vanquished Creatures
  Sigmund (D)
  An ogre (D)
  A jelly (D)
  Ijyb (D)
4 creatures vanquished.

Notes
Turn   | Place    | Note
-------+----------+-------------------------------------------
     0 | D        | sircluck the Hill Orc Fighter began the quest for the Orb.
     0 | D        | Reached XP level 1. HP: 19/19 MP: 1/1
     1 | D        | Noticed Ijyb
     7 | D        | Paralysed by Ijyb for 4 turns
    11 | D        | Killed Ijyb
    12 | D        | Reached skill level 5 in Fighting
    12 | D        | Reached XP level 2. HP: 23/29 MP: 2/2
    12 | D        | Reached XP level 3. HP: 28/36 MP: 3/3
    16 | D        | Noticed an ogre
    32 | D        | Killed an ogre
    33 | D        | Reached skill level 6 in Fighting
    33 | D        | Reached skill level 5 in Axes
    33 | D        | Reached skill level 5 in Shields
    33 | D        | Reached XP level 4. HP: 9/45 MP: 4/4
   180 | D        | Noticed Sigmund
   193 | D        | Killed Sigmund
   194 | D        | Reached skill level 8 in Fighting
   194 | D        | Reached skill level 1 in Stealth
   194 | D        | Reached XP level 5. HP: 46/56 MP: 5/5
   194 | D        | Reached XP level 6. HP: 51/62 MP: 6/6
   208 | D        | Found an ornate altar of the Wu Jian Council.
   208 | D        | Found a shimmering blue altar of Sif Muna.
   210 | D        | Found a radiant altar of Vehumet.
   214 | D        | Reached skill level 9 in Fighting
   233 | D        | Found Veynifoi's Weapon Emporium.
   233 | D        | Found an ancient bone altar of Kikubaaqudgha.
   233 | D        | Found a hazy altar of Hepliaklqana.
   233 | D        | Found a stormy altar of Qazlal.
   233 | D        | Found a hide-covered altar of Uskayaw.
   233 | D        | Found a blossoming altar of Fedhas.
   233 | D        | Found a bloodstained altar of Trog.
   233 | D        | Found an iron altar of Okawaru.
   233 | D        | Found a basalt altar of Yredelemnul.
   233 | D        | Found a glowing golden altar of the Shining One.
   233 | D        | Found a snail-covered altar of Cheibriados.
   233 | D        | Found a sacrificial altar of Ru.
   233 | D        | Found a glowing silver altar of Zin.
   233 | D        | Found a shadowy altar of Dithmenos.
   233 | D        | Found a white marble altar of Elyvilon.
   233 | D        | Noticed a yak
   245 | D        | Slain by a yak

Illustrated notes

Levels and vault maps discovered:
D:        dungeon_sprint_1 [red_sonja_temple_1, red_sonja_temple_small_1]

Skill      XL: |  1  2  3  4  5  6 |
---------------+-------------------+-----
Fighting       | 5 6 8 9 |  9.0
Axes           | 3 5 6 7 |  7.1
Armour         | 4 6 8 |  8.2
Shields        | 4 5 7 |  7.6
Stealth        | 1 |  1.3
Evocations     | |  0.6

Action                     |  1- 3 |  4- 6 || total
---------------------------+-------+-------++-------
  Melee: War axe           |     9 |    18 ||    27
  Evoke: Wand              |     2 |       ||     2
    Use: Potion            |       |     1 ||     1
   Stab: Paralysed         |     1 |       ||     1
 Armour: Scale mail        |     2 |     3 ||     5
  Dodge: Dodged            |     2 |     7 ||     9
  Block: Buckler           |     1 |     3 ||     4

Table legend: (Time is in decaauts)
 A = Elapsed time spent in this place.
 B = Non-inter-level travel time spent in this place.
 C = Inter-level travel time spent in this place.
 D = Time resting spent in this place.
 E = Time spent auto-exploring this place.
 F = Levels seen in this place.
 G = Mean time per level.
                   A        B        C        D        E       F      G
               +--------+--------+--------+--------+--------+-----+--------+
         Total |    251 |    251 |      0 |      2 |    148 |   1 |  251.0 |
       Dungeon |    251 |    251 |      0 |      2 |    148 |   1 |  251.0 |
               +--------+--------+--------+--------+--------+-----+--------+

Top non-repeatable levels by time:
       D: 251 daAuts
